MWL (24 & UNDER)
CINCINNATI PRIDE @ WISCONSIN RAPIDS RANGERS
08/31/2024
 
TOP OF THE 1ST
Cincinnati Pride batting - Pitching for Wisconsin Rapids Rangers : RHP Carl Willis
Pitching: RHP Carl Willis
Batting: RHB Larry Booth 0-0: Called Strike
0-1: Foul Ball, location: 2F
0-2: Foul Ball, location: 2F
0-2: Ball
1-2: Ball
2-2: Strikes out swinging
Batting: SHB Rafael Villa 0-0: Ball
1-0: Ball
2-0: Ball
3-0: Base on Balls
Batting: RHB Roberto Chávez 0-0: SINGLE (Line Drive, 56)
Rafael Villa to second
Batting: RHB Randy Simons 0-0: Ball
1-0: Ball
2-0: Ball
3-0: Base on Balls
Rafael Villa to third
Roberto Chávez to second
Batting: RHB Gabriel Villegas 0-0: Grounds into double play, 4-6-3 (Groundball, 4)
Top of the 1st over - 0 run(s), 1 hit(s), 0 error(s), 2 left on base; Cincinnati 0 - Wisconsin Rapids 0
BOTTOM OF THE 1ST
Wisconsin Rapids Rangers batting - Pitching for Cincinnati Pride : LHP Pedro Orozco
Pitching: LHP Pedro Orozco
Batting: RHB Troy Reed 0-0: Ball
1-0: Ball
2-0: Fly out, F3 (Popup, 13S)
Batting: SHB Ricardo Arévalo 0-0: Ball
1-0: Swinging Strike
1-1: Ball
2-1: Ball
3-1: Swinging Strike
3-2: Ground out 4-3 (Groundball, 4)
Batting: RHB Paul Richard 0-0: Fly out, F9 (Line Drive, 9S)
Bottom of the 1st over - 0 run(s), 0 hit(s), 0 error(s), 0 left on base; Cincinnati 0 - Wisconsin Rapids 0
TOP OF THE 2ND
Cincinnati Pride batting - Pitching for Wisconsin Rapids Rangers : RHP Carl Willis
Batting: LHB Marvin Morris 0-0: Ball
1-0: Fly out, F9 (Flyball, 89S)
Batting: LHB Wes Stone 0-0: Ball
1-0: Ball
2-0: Called Strike
2-1: Ball
3-1: Called Strike
3-2: Ground out U3 (Groundball, 3S)
Batting: SHB Jorge García 0-0: Called Strike
0-1: Ball
1-1: Foul Ball, location: 2F
1-2: Foul Ball, location: 2F
1-2: Ground out 4-3 (Groundball, 34D)
Top of the 2nd over - 0 run(s), 0 hit(s), 0 error(s), 0 left on base; Cincinnati 0 - Wisconsin Rapids 0
BOTTOM OF THE 2ND
Wisconsin Rapids Rangers batting - Pitching for Cincinnati Pride : LHP Pedro Orozco
Batting: RHB Danny Campbell 0-0: Called Strike
0-1: Called Strike
0-2: Strikes out looking
Batting: LHB Ramón Córdova 0-0: Called Strike
0-1: Ball
1-1: Ball
2-1: Swinging Strike
2-2: Ball
3-2: SINGLE (Line Drive, 8LS)
Batting: RHB Dick Slagboom 0-0: Ball
1-0: Ball
2-0: Ball
3-0: Called Strike
3-1: Foul Ball, location: 2F
3-2: Strikes out swinging
Batting: LHB Alex Henderson 0-0: Called Strike
0-1: Called Strike
0-2: Ball
Throwing error on steal attempt, E2
Ramón Córdova to third
1-2: Ball
2-2: Ball
3-2: Strikes out swinging
Bottom of the 2nd over - 0 run(s), 1 hit(s), 1 error(s), 1 left on base; Cincinnati 0 - Wisconsin Rapids 0
TOP OF THE 3RD
Cincinnati Pride batting - Pitching for Wisconsin Rapids Rangers : RHP Carl Willis
Batting: RHB Michael Skinner 0-0: Ball
1-0: Ball
2-0: Swinging Strike
2-1: Ball
3-1: Foul Ball, location: 2F
3-2: Foul Ball, location: 2F
3-2: Strikes out swinging
Batting: RHB Larry Booth 0-0: Called Strike
0-1: Ground out 1-3 (Groundball, 13)
Batting: SHB Rafael Villa 0-0: Called Strike
0-1: Swinging Strike
0-2: Foul Ball, location: 2F
0-2: Ball
1-2: Fly out, F8 (Flyball, 78S)
Top of the 3rd over - 0 run(s), 0 hit(s), 0 error(s), 0 left on base; Cincinnati 0 - Wisconsin Rapids 0
BOTTOM OF THE 3RD
Wisconsin Rapids Rangers batting - Pitching for Cincinnati Pride : LHP Pedro Orozco
Batting: RHB Cherles Vilo 0-0: Ball
1-0: Ball
2-0: Ball
3-0: Base on Balls
Batting: RHB Robert Acosta 0-0: Called Strike
0-1: Foul Ball, location: 2F
0-2: Ball
1-2: Strikes out swinging
Batting: RHB Troy Reed 0-0: Ball
1-0: Called Strike
1-1: Swinging Strike
1-2: Strikes out swinging
Batting: SHB Ricardo Arévalo 0-0: Called Strike
0-1: Fly out, F9 (Line Drive, 89S)
Bottom of the 3rd over - 0 run(s), 0 hit(s), 0 error(s), 1 left on base; Cincinnati 0 - Wisconsin Rapids 0
TOP OF THE 4TH
Cincinnati Pride batting - Pitching for Wisconsin Rapids Rangers : RHP Carl Willis
Batting: RHB Roberto Chávez 0-0: Ball
1-0: Foul Ball, location: 2F
1-1: Called Strike
1-2: Ground out 5-3 (Groundball, 5)
Batting: RHB Randy Simons 0-0: Ball
1-0: Ball
2-0: Foul Ball, location: 2F
2-1: Fly out, F6 (Popup, 6M)
Batting: RHB Gabriel Villegas 0-0: Swinging Strike
0-1: Called Strike
0-2: Ball
1-2: Ball
2-2: Strikes out swinging
Top of the 4th over - 0 run(s), 0 hit(s), 0 error(s), 0 left on base; Cincinnati 0 - Wisconsin Rapids 0
BOTTOM OF THE 4TH
Wisconsin Rapids Rangers batting - Pitching for Cincinnati Pride : LHP Pedro Orozco
Batting: RHB Paul Richard 0-0: Called Strike
0-1: Ball
1-1: Ball
2-1: Swinging Strike
2-2: Foul Ball, location: 2F
2-2: Foul Ball, location: 2F
2-2: SINGLE (Groundball, 6M)
Batting: RHB Danny Campbell 0-0: Foul Ball, location: 2F
0-1: Foul Ball, location: 2F
0-2: Ball
1-2: Fly out, F8 (Line Drive, 8RM)
Batting: LHB Ramón Córdova 0-0: Ball
1-0: Called Strike
1-1: Ball
2-1: Called Strike
2-2: Fly out, F6 (Popup, 56D)
Batting: RHB Dick Slagboom 0-0: Ball
1-0: Fly out, F9 (Flyball, 89S)
Bottom of the 4th over - 0 run(s), 1 hit(s), 0 error(s), 1 left on base; Cincinnati 0 - Wisconsin Rapids 0
TOP OF THE 5TH
Cincinnati Pride batting - Pitching for Wisconsin Rapids Rangers : RHP Carl Willis
Batting: LHB Marvin Morris 0-0: Ball
1-0: Foul Ball, location: 2F
1-1: Ball
2-1: Ball
3-1: Base on Balls
Batting: LHB Wes Stone 0-0: Called Strike
0-1: Ball
1-1: Ball
2-1: Called Strike
2-2: Ball
3-2: Base on Balls
Marvin Morris to second
Pitching: LHP Steve Alexander
Batting: SHB Jorge García 0-0: SINGLE (Groundball, 5D)
Marvin Morris to third
Wes Stone to second
Batting: RHB Michael Skinner 0-0: SINGLE (Groundball, 6D)
Marvin Morris scores
Wes Stone to third
Jorge García to second
Batting: RHB Larry Booth 0-0: Ball
1-0: Called Strike
1-1: Foul Ball, location: 2F
1-2: Ball
2-2: Ball
3-2: Strikes out looking
Batting: SHB Rafael Villa 0-0: Foul Ball, location: 2F
0-1: Foul Ball, location: 2F
0-2: Ball
1-2: Ball
2-2: Ball
3-2: Fly out, F4 (Popup, 4)
Batting: RHB Roberto Chávez 0-0: Ball
1-0: Swinging Strike
1-1: Called Strike
1-2: Strikes out looking
Top of the 5th over - 1 run(s), 2 hit(s), 0 error(s), 3 left on base; Cincinnati 1 - Wisconsin Rapids 0
BOTTOM OF THE 5TH
Wisconsin Rapids Rangers batting - Pitching for Cincinnati Pride : LHP Pedro Orozco
Batting: LHB Alex Henderson 0-0: Ball
1-0: Swinging Strike
1-1: Foul Ball, location: 2F
1-2: SINGLE (Groundball, 34D)
Batting: RHB Cherles Vilo 0-0: Foul Ball, location: 2F
0-1: SINGLE (Line Drive, 9LS)
Alex Henderson to second
Batting: RHB Robert Acosta 0-0: Grounds into double play, 5-4-3 (Groundball, 5)
Alex Henderson to third
Batting: RHB Troy Reed 0-0: Called Strike
0-1: Ball
1-1: Ball
2-1: Foul Ball, location: 2F
2-2: Fly out, F9 (Flyball, 89M)
Bottom of the 5th over - 0 run(s), 2 hit(s), 0 error(s), 1 left on base; Cincinnati 1 - Wisconsin Rapids 0
TOP OF THE 6TH
Cincinnati Pride batting - Pitching for Wisconsin Rapids Rangers : LHP Steve Alexander
Batting: RHB Randy Simons 0-0: Called Strike
0-1: Ground out 6-3 (Groundball, 6M)
Batting: RHB Gabriel Villegas 0-0: SINGLE (Flyball, 78S)
Batting: LHB Marvin Morris 0-0: Ball
1-0: Grounds out, U3 (Groundball, 3L)
Batting: LHB Wes Stone 0-0: Ball
1-0: Ball
2-0: Ball
3-0: Called Strike
3-1: Ground out 4-3 (Groundball, 4)
Top of the 6th over - 0 run(s), 1 hit(s), 0 error(s), 1 left on base; Cincinnati 1 - Wisconsin Rapids 0
BOTTOM OF THE 6TH
Wisconsin Rapids Rangers batting - Pitching for Cincinnati Pride : LHP Pedro Orozco
Batting: SHB Ricardo Arévalo 0-0: Ground out 4-3 (Groundball, 34)
Batting: RHB Paul Richard 0-0: Foul Ball, location: 2F
0-1: Ball
1-1: Swinging Strike
1-2: Fly out, F7 (Flyball, 7M)
Batting: RHB Danny Campbell 0-0: Called Strike
0-1: Called Strike
0-2: Foul Ball, location: 2F
0-2: Ground out 1-3 (Groundball, 23)
Bottom of the 6th over - 0 run(s), 0 hit(s), 0 error(s), 0 left on base; Cincinnati 1 - Wisconsin Rapids 0
TOP OF THE 7TH
Cincinnati Pride batting - Pitching for Wisconsin Rapids Rangers : LHP Steve Alexander
Pitching: RHP Jack Hampton
Batting: SHB Jorge García 0-0: Called Strike
0-1: Swinging Strike
0-2: Ball
1-2: Strikes out looking
Batting: RHB Michael Skinner 0-0: Foul Ball, location: 2F
0-1: Ball
1-1: Ball
2-1: Ball
3-1: SINGLE (Flyball, 7LS)
Batting: RHB Larry Booth 0-0: Foul Ball, location: 2F
0-1: Ball
1-1: Swinging Strike
1-2: Strikes out swinging
Batting: SHB Rafael Villa 0-0: Foul Ball, location: 2F
0-1: Ball
1-1: Ground out 4-3 (Groundball, 4)
Top of the 7th over - 0 run(s), 1 hit(s), 0 error(s), 1 left on base; Cincinnati 1 - Wisconsin Rapids 0
BOTTOM OF THE 7TH
Wisconsin Rapids Rangers batting - Pitching for Cincinnati Pride : LHP Pedro Orozco
Pitching: LHP Halewijn Tipping
Batting: LHB Ramón Córdova 0-0: Ball
1-0: Called Strike
1-1: Swinging Strike
1-2: Ball
2-2: Foul Ball, location: 2F
2-2: Foul Ball, location: 2F
2-2: SINGLE (Groundball, 5D)
Batting: RHB Dick Slagboom 0-0: Ball
1-0: Called Strike
1-1: Ball
2-1: Called Strike
2-2: Ball
3-2: Strikes out looking
Batting: LHB Alex Henderson 0-0: SINGLE (Flyball, 89M)
Ramón Córdova to second
Batting: RHB Cherles Vilo 0-0: Ball
1-0: Called Strike
1-1: Called Strike
1-2: Ball
2-2: Ball
3-2: Fly out, F4 (Popup, 4MD)
Batting: RHB Robert Acosta 0-0: Swinging Strike
0-1: Swinging Strike
0-2: Ball
1-2: Ball
2-2: Fly out, F7 (Line Drive, 78M)
Bottom of the 7th over - 0 run(s), 2 hit(s), 0 error(s), 2 left on base; Cincinnati 1 - Wisconsin Rapids 0
TOP OF THE 8TH
Cincinnati Pride batting - Pitching for Wisconsin Rapids Rangers : RHP Jack Hampton
Batting: RHB Roberto Chávez 0-0: Ball
1-0: Ball
2-0: Called Strike
2-1: SINGLE (Line Drive, 56D)
Batting: RHB Randy Simons 0-0: Ball
1-0: Swinging Strike
1-1: Ball
2-1: Foul Ball, location: 2F
2-2: Ball
3-2: Foul Ball, location: 2F
3-2: Foul Ball, location: 2F
3-2: Fielders Choice at 2nd, 1-6 (Groundball, 25)
Pitching: RHP Jesús Martínez
Batting: RHB Gabriel Villegas 0-0: Called Strike
0-1: Ball
1-1: SINGLE (Groundball, 4MD)
Randy Simons to second
Batting: LHB Marvin Morris 0-0: Ball
1-0: Ball
2-0: Ball
3-0: Called Strike
3-1: Base on Balls
Randy Simons to third
Gabriel Villegas to second
Batting: LHB Wes Stone 0-0: Swinging Strike
0-1: Ball
1-1: Ball
2-1: Called Strike
2-2: Strikes out swinging
Batting: SHB Jorge García 0-0: Ball
1-0: Foul Ball, location: 2F
1-1: Ball
2-1: Foul Ball, location: 2F
2-2: Ball
3-2: Foul Ball, location: 2F
3-2: Strikes out swinging
Top of the 8th over - 0 run(s), 2 hit(s), 0 error(s), 3 left on base; Cincinnati 1 - Wisconsin Rapids 0
BOTTOM OF THE 8TH
Wisconsin Rapids Rangers batting - Pitching for Cincinnati Pride : LHP Halewijn Tipping
Pitching: RHP Jesús Andrade
Batting: RHB Troy Reed 0-0: Swinging Strike
0-1: Foul Ball, location: 2F
0-2: Strikes out swinging
Batting: SHB Ricardo Arévalo 0-0: Ball
1-0: Ground out 6-3 (Groundball, 6M)
Batting: RHB Paul Richard 0-0: Called Strike
0-1: Ball
1-1: Ball
2-1: Ball
3-1: Ground out 5-3 (Groundball, 56S)
Bottom of the 8th over - 0 run(s), 0 hit(s), 0 error(s), 0 left on base; Cincinnati 1 - Wisconsin Rapids 0
TOP OF THE 9TH
Cincinnati Pride batting - Pitching for Wisconsin Rapids Rangers : RHP Jesús Martínez
Pitching: RHP Chuck Plummer
Batting: RHB Michael Skinner 0-0: Called Strike
0-1: Ball
1-1: Ball
2-1: Swinging Strike
2-2: Strikes out swinging
Batting: RHB Larry Booth 0-0: Ball
1-0: Foul Ball, location: 2F
1-1: Ball
2-1: Foul Ball, location: 2F
2-2: Strikes out looking
Batting: SHB Rafael Villa 0-0: Swinging Strike
0-1: Swinging Strike
0-2: Strikes out swinging
Top of the 9th over - 0 run(s), 0 hit(s), 0 error(s), 0 left on base; Cincinnati 1 - Wisconsin Rapids 0
BOTTOM OF THE 9TH
Wisconsin Rapids Rangers batting - Pitching for Cincinnati Pride : RHP Jesús Andrade
Pitching: RHP Darrell Stanley
Now at 3B: Juan Martínez
Batting: RHB Danny Campbell 0-0: Called Strike
0-1: Foul Ball, location: 2F
0-2: Ground out 4-3 (Groundball, 4)
Batting: LHB Ramón Córdova 0-0: Ball
1-0: Ball
2-0: Ground out 2-3 (Groundball, 13S)
Batting: RHB Dick Slagboom 0-0: Ball
1-0: Ball
2-0: Ball
3-0: Called Strike
3-1: Base on Balls
Pinch Runner at 1st Kevin Smith:
Batting: LHB Alex Henderson 0-0: Ball
Wild Pitch!
Kevin Smith to second
1-0: Foul Ball, location: 2F
1-1: Swinging Strike
1-2: Foul Ball, location: 2F
1-2: Ball
2-2: Ball
3-2: Base on Balls
Batting: RHB Cherles Vilo 0-0: Foul Ball, location: 2F
0-1: Foul Ball, location: 2F
0-2: Ball
1-2: Strikes out looking
Bottom of the 9th over - 0 run(s), 0 hit(s), 0 error(s), 2 left on base; Cincinnati 1 - Wisconsin Rapids 0
This league is powered by Out of the Park Baseball, the baseball management simulation game for PC, Mac and Linux
Saturday, April 9th, 2016 - OOTP Baseball 16.8 Build 38